 Dungeon Crawl Stone Soup version 0.16.2-2-g470672f (webtiles) character file.

86 monobi the Ruffian (level 4, -3/37 HPs)
             Began as a Formicid Monk on Sept 4, 2015.
             Slain by a gnoll
             ... wielding a +3 halberd
              (8 damage)
             ... on level 2 of the Dungeon.
             The game lasted 00:06:53 (1829 turns).

monobi the Ruffian (Formicid Monk)                  Turns: 1829, Time: 00:06:53

Health: -3/37      AC: 10    Str: 16    XL:     4   Next: 77%
Magic:  5/5        EV:  5    Int: 14    God:
Gold:   104        SH:  0    Dex: 14    Spells: 0 memorised, 3 levels left

rFire  . . .     SeeInvis +       - Unarmed
rCold  . . .     Clarity  .     m - +0 plate armour
rNeg   . . .     SustAb   .     (no shield)
rPois  .         Gourm    .     (helmet unavailable)
rElec  .         Spirit   .     (no cloak)
rCorr  .         Warding  .     (no gloves)
rMut   .         Stasis   +     (no boots)
MR     .....                    (no amulet)
Stlth  ..........               (no ring)
                                (no ring)

@: brilliant, flying, not resistant to hostile enchantments, extremely
unstealthy
A: permanent stasis, dig shafts and tunnels, four strong arms, antennae 3, sense
surroundings 1
a: Dig, Shaft Self


You were on level 2 of the Dungeon.
You were very hungry.

You visited 1 branch of the dungeon, and saw 3 of its levels.

You collected 104 gold pieces.

Inventory:

Hand weapons
 e - a +0 dagger of venom
Missiles
 f - 3 javelins (quivered)
Armour
 a - a +0 robe
 m - a +0 plate armour (worn)
Scrolls
 c - 2 scrolls of remove curse
 d - 5 scrolls of identify
 n - a scroll of teleportation
 o - 2 scrolls of recharging
 s - a scroll of fear
Potions
 i - a potion of magic
Comestibles
 b - 4 bread rations
 g - 2 fruits
 k - 2 meat rations
 l - a slice of pizza
 p - a royal jelly


   Skills:
 + Level 3.7 Fighting
 + Level 1.8 Armour
 + Level 3.2 Dodging
 + Level 2.5 Stealth
 + Level 4.8 Unarmed Combat


You had 3 spell levels left.
You didn't know any spells.

Dungeon Overview and Level Annotations

Branches:
Dungeon (3/15)

Altars:


Innate Abilities, Weirdness & Mutations

You are under a permanent stasis effect.
You can dig through walls and to a lower floor.
Your four strong arms can wield two-handed weapons with a shield.
You have a pair of large antennae on your head (SInv).
You passively map a small area around you.


Message History

* * * LOW HITPOINT WARNING * * *
The gnoll hits you with a whip.
* * * LOW HITPOINT WARNING * * *
Drink which item? (? for menu, Esc to quit)
It was a potion of brilliance.
You feel clever all of a sudden.
The hobgoblin hits you but does no damage.
The gnoll hits you with an enchanted halberd.
* * * LOW HITPOINT WARNING * * *
The gnoll hits you but does no damage.
Drink which item? (? for menu, Esc to quit)
It was a potion of flight.
You feel very buoyant.
You fly up into the air.
The hobgoblin barely misses you. The gnoll hits you but does no damage.
The gnoll hits you with an enchanted halberd.
* * * LOW HITPOINT WARNING * * *
The hobgoblin hits you but does no damage.
The gnoll hits you with an enchanted halberd!
You die...

###.......# ################
..).......# #..............##
###.......# ####.############...
# #.......# #....# #### ####.####
#.#### ########## #..# ##.#
#.....>..# ##.# #..# #..<.....#
## #.# ##.###### #........# .##
#.####..#.@g.# #.........
..#####...#..##.gg.# #.........
.....####.#.###....# #.......(.
.###...............# #########.
## ####)#.#####....#######......#
###..#..# #....##...#........
####...###.####.........##......#
...))#####(........##....##.#####
.###.).....####....##....##.#


You could see 2 gnolls and a hobgoblin.

Vanquished Creatures
  3 adders (D:2)
  A gnoll (D:2)
  4 giant geckos
  3 bats (D:2)
  A giant cockroach (D:2)
  2 hobgoblins (D:2)
  A giant newt (D:2)
  12 goblins
  7 kobolds
  13 rats
47 creatures vanquished.

Notes
Turn   | Place    | Note
--------------------------------------------------------------
     0 | D:1      | monobi, the Formicid Monk, began the quest for the Orb.
     0 | D:1      | Reached XP level 1. HP: 18/18 MP: 1/1
   356 | D:1      | Reached XP level 2. HP: 21/24 MP: 3/3
   824 | D:1      | Gained mutation: You passively map a small area around you. [potion of beneficial mutation]
   882 | D:2      | Reached XP level 3. HP: 8/29 MP: 4/4
  1389 | D:2      | Reached skill level 1 in Armour
  1441 | D:2      | Reached XP level 4. HP: 31/35 MP: 5/5
  1829 | D:2      | Slain by a gnoll

Action                   |  1- 3 |  4- 6 || total
-------------------------+-------+-------++-------
Melee: Unarmed           |   125 |    75 ||   200
  Use: Scroll            |     7 |     2 ||     9
       Potion            |     1 |     3 ||     4
  Eat: Fruit             |       |     1 ||     1
       Chunk             |       |     1 ||     1
